 Dungeon Crawl Stone Soup version 0.20.0-15-g7f486f2 (webtiles) character file.

41832 skittles the Destroyer (level 13, -2/105 HPs)
             Began as a Green Draconian Fire Elementalist on June 9, 2017.
             Was a High Priest of Vehumet.
             Slain by a salamander
             ... wielding a +0 halberd
              (9 damage)
             ... in a volcano.
             The game lasted 01:47:28 (22897 turns).

skittles the Destroyer (DrFE)                      Turns: 22897, Time: 01:47:29

Health: -2/105     AC: 14    Str: 11    XL:     13   Next: 82%
Magic:  0/28       EV: 18    Int: 20    God:    Vehumet [*****.]
Gold:   547        SH:  0    Dex: 12    Spells: 8/35 levels left

rFire    . . .     SeeInvis .   s - +3 morningstar (freeze)
rCold    . . .     Gourm    +   (no shield)
rNeg     + . .     Faith    .   (armour unavailable)
rPois    +         Spirit   +   Z - +2 hat of the Bear Spirit {Spirit, +Rage rN+ MR++}
rElec    .         Reflect  .   M - +2 cloak
rCorr    .         Harm     .   (no gloves)
MR       ++...                  y - +0 pair of boots
Stlth    ++........             u - amulet of the gourmand
Regen    0.3/turn               S - +3 ring of evasion
MPRegen  0.3/turn               J - +5 ring of slaying

@: no status effects
A: breathe noxious fumes, unfitting armour, poison resistance, cold-blooded, AC
+8
a: Breathe Noxious Fumes, Renounce Religion, Evoke Berserk Rage


You were in a volcano.
You worshipped Vehumet.
Vehumet was extremely pleased with you.
You were very full.

You visited 3 branches of the dungeon, and saw 17 of its levels.
You also visited: Volcano.

You collected 883 gold pieces.
You spent 336 gold pieces at shops.

Inventory:

Hand Weapons
 a - the +8 whip "Snakebite" {curare, rPois}
   (You found it on level 1 of the Lair of Beasts)

   It poisons the flesh of those it strikes.
   It protects you from poison.
 p - a +1 great mace of flaming
 s - a +3 morningstar of freezing (weapon)
 F - a +2 trident
 N - a +0 executioner's axe of flaming
 P - a +5 halberd
 T - a +2 glaive of flaming
 V - a +1 quarterstaff of flaming
 W - a +1 quarterstaff of flaming
Missiles
 e - 3 tomahawks of dispersal (quivered)
Armour
 y - a +0 pair of boots (worn)
 M - a +2 cloak (worn)
 Z - the +2 hat of the Bear Spirit (worn) {Spirit, +Rage rN+ MR++}
   (You found it in a volcano)

   It protects you from negative energy.
   It affects your resistance to hostile enchantments.
   It lets you go berserk.
Magical Staves
 b - an uncursed staff of fire
 h - an uncursed staff of wizardry
Jewellery
 c - an uncursed amulet of rage
 u - an amulet of the gourmand (around neck)
 E - a +4 ring of intelligence
 J - a +5 ring of slaying (right hand)
 S - a +3 ring of evasion (left hand)
Wands
 x - a wand of digging (21/24)
 I - a wand of acid (10/15)
Scrolls
 m - 7 scrolls of remove curse
 q - 5 scrolls of blinking
 r - 8 scrolls of teleportation {unknown}
 v - 2 scrolls of fog {unknown}
 w - 3 scrolls of enchant weapon {unknown}
 D - a scroll of vulnerability {unknown}
 H - 2 scrolls of torment {unknown}
 Q - 4 scrolls of amnesia
 Y - a scroll of holy word {unknown}
Potions
 f - 2 potions of cancellation
 g - 5 potions of might
 j - 2 potions of brilliance
 k - a potion of flight
 n - 5 potions of heal wounds
 o - 5 potions of curing
 t - 2 potions of agility
 A - 3 potions of magic
 B - a potion of resistance
 C - a potion of invisibility
 G - 2 potions of haste
 K - a potion of lignification
 R - 2 potions of berserk rage {unknown}
 U - 2 potions of mutation {unknown}
 X - a potion of ambrosia {unknown}
Miscellaneous
 L - a phantom mirror
Comestibles
 d - 11 royal jellies
 i - 3 meat rations
 z - 36 fruits
 O - 2 bread rations


   Skills:
 - Level 7.0 Fighting
 - Level 6.1 Dodging
 - Level 1.7 Stealth
 + Level 11.5 Spellcasting
 + Level 13.8 Conjurations
 - Level 11.0 Fire Magic
 - Level 8.0 Poison Magic


You had 8 spell levels left.
You knew the following spells:

 Your Spells              Type           Power        Failure   Level  Hunger
a - Flame Tongue          Conj/Fire      #####        1%          1    None
b - Conjure Flame         Conj/Fire      ######..     1%          3    None
c - Sticky Flame          Conj/Fire      ######..     1%          4    #......
d - Fireball              Conj/Fire      ######....   1%          5    ####...
e - Poison Arrow          Conj/Pois      ######....   2%          6    ######.
f - Iskenderun's Battles  Conj/Chrm      #####...     2%          5    ####...
g - Blink                 Tloc           N/A          9%          2    None
h - Sting                 Conj/Pois      ####         1%          1    None


Dungeon Overview and Level Annotations

Branches:
Dungeon (12/15)            Temple (1/1) D:5            Lair (4/6) D:9
  Swamp (0/4) Lair:3       Spider (0/4) Lair:4          Orc (0/2) D:12

Altars:
Ashenzari
Cheibriados
Elyvilon
Fedhas
Hepliaklqana
Makhleb
Nemelex Xobeh
Qazlal
Ru
Sif Muna
Trog
Vehumet
Xom
Zin
The Shining One

Shops:
D:5 *   D:9 ?

Portals:
Ice
Cave: Lair:4

Annotations:
D:12 exclusion: ugly thing


Innate Abilities, Weirdness & Mutations

You can breathe blasts of noxious fumes.
Your lurid green scales are hard. (AC +8)
You cannot fit into any form of body armour.
Your system is resistant to poisons. (rPois)
You are cold-blooded and may be slowed by cold attacks.


Message History

The toenail golem is severely damaged.
The toenail golem hits you.
Wield which item (- for none, * to show all)? (? for menu, Esc to quit)
The +8 whip "Snakebite" {curare, rPois} stops dripping with poison.
Your +3 morningstar of freezing glows with a cold blue light!
s - a +3 morningstar of freezing (weapon)
The toenail golem hits you.
You completely miss the toenail golem.
The toenail golem is severely damaged.
The air gets thick with the scent of sulphur.
The salamander hits you from afar with a halberd!
You are engulfed in flames!
The toenail golem hits you.
In the distance, the volcano erupts with a roar.
You are engulfed in blazing flames.
* * * LOW HITPOINT WARNING * * *
The toenail golem is engulfed in blazing flames.
The salamander hits you with a halberd!!
* * * LOW HITPOINT WARNING * * *
You are engulfed in flames!
You die...

≈≈≈≈≈≈≈≈≈≈≈≈≈≈≈≈≈≈≈≈≈≈≈≈≈≈≈
≈≈≈≈≈≈≈≈≈≈≈≈≈≈≈≈≈≈≈≈≈≈≈≈≈≈≈
≈≈≈≈≈≈≈≈≈≈≈≈≈≈≈≈§§≈≈≈≈≈≈≈≈≈
≈≈≈≈≈≈≈≈≈≈≈≈§≈≈≈§§≈≈≈≈≈≈≈≈≈
≈≈≈≈≈≈≈≈≈≈≈≈≈§§≈≈§§≈≈≈≈≈≈≈≈
≈≈≈≈≈≈≈≈.≈≈≈.§§§≈§§≈≈≈≈≈.≈≈
≈.≈≈≈≈≈≈≈≈≈.§≈§§§§§≈.≈..≈≈≈
#^...N....8N.§.§§.§........
#...##'##.@.#####...##'##..
#.. #.. ##.##.[)##.##...##.
#. #.[. #.#..[§.#.#.....#N
#.N. #§#....[#.#.....#.
##.! ##.##...##.##[..##.
#####§..##'##...#####..
.....§§......§.....§§..
.§≈..§§§.≈..≈≈.≈§§§≈≈§.
§≈≈≈§≈≈§≈≈.≈§≈§≈§≈§§≈§§


You could see 2 salamanders and a toenail golem.

Vanquished Creatures
  3 hydras
  Erica (D:9)
  4 two-headed ogres
  A tengu warrior (D:9)
  A queen ant (Lair:2)
  A spriggan (Lair:1)
  Urug (D:11)
  Nergalle (Lair:1)
  A fire crab (Lair:2)
  A lindwurm (Lair:4)
  An ugly thing (D:10)
  3 black mambas
  A centaur skeleton (D:11)
  2 gargoyles
  4 spiny frogs
  A rime drake (Lair:2)
  2 komodo dragons
  A merfolk (D:10)
  6 polar bears (Lair:2)
  2 trolls
  A tyrant leech (Lair:3)
  A slime creature (D:9)
  2 hornets
  27 blink frogs
  Grinder (D:3)
  8 hippogriffs
  2 wyverns
  13 yaks
  4 basilisks
  3 hungry ghosts
  19 soldier ants (Lair:2)
  14 water moccasins
  3 hell hounds (Volcano)
  8 porcupines
  7 orc warriors
  11 ice beasts
  2 black bears (Lair:2)
  A hornet zombie (D:12)
  An eye of draining (D:9)
  5 ogres
  3 phantoms
  7 sky beasts
  5 crocodiles
  26 wolves
  3 centaurs
  Blork the orc (D:4)
  6 big kobolds
  16 bullfrogs
  A gnoll sergeant (D:9)
  A wyvern zombie (D:8)
  10 scorpions
  8 wights (D:9)
  13 killer bees
  An electric eel (Lair:1)
  5 howler monkeys
  3 crimson imps
  A centaur zombie (D:8)
  A quasit (D:8)
  3 jellies
  3 hounds
  3 orc wizards
  12 orc priests
  4 bullfrog skeletons
  4 iguanas
  Ijyb (D:3)
  20 worker ants
  8 ogre zombies (D:12)
  A hound zombie (D:7)
  A worker ant zombie (D:7)
  19 adders
  8 gnolls
  A howler monkey skeleton (D:6)
  5 shadow imps
  An adder zombie (D:7)
  3 worms
  5 dart slugs
  5 leopard geckos
  44 orcs
  7 bats
  6 giant cockroaches
  6 hobgoblins
  18 jackals
  3 quokkas
  4 ball pythons (D:1)
  6 frilled lizards
  7 goblins
  2 goblin skeletons (D:12)
  3 goblin zombies (D:12)
  A hobgoblin skeleton (D:12)
  3 hobgoblin zombies (D:12)
  A jackal skeleton (D:9)
  34 kobolds
  A leopard gecko skeleton (D:6)
  4 orc skeletons (D:12)
  11 orc zombies (D:12)
  9 rats
559 creatures vanquished.

Vanquished Creatures (others)
  7 fungi
  3 plants
10 creatures vanquished.

Grand Total: 569 creatures vanquished

Notes
Turn   | Place    | Note
-------+----------+-------------------------------------------
     0 | D:1      | skittles the Draconian Fire Elementalist began the quest for the Orb.
     0 | D:1      | Reached XP level 1. HP: 14/14 MP: 3/3
   500 | D:1      | Reached XP level 2. HP: 15/20 MP: 5/5
   797 | D:1      | Reached skill level 2 in Conjurations
  1105 | D:1      | Reached XP level 3. HP: 19/26 MP: 6/6
  1218 | D:1      | Learned a level 3 spell: Conjure Flame
  2048 | D:3      | Found a deep blue altar of Sif Muna.
  2048 | D:3      | Noticed Grinder
  2064 | D:3      | Reached skill level 3 in Conjurations
  2064 | D:3      | Reached XP level 4. HP: 31/33 MP: 7/7
  2148 | D:3      | Found a glowing silver altar of Zin.
  2164 | D:3      | Killed Grinder
  2164 | D:3      | Reached skill level 4 in Conjurations
  2164 | D:3      | Reached skill level 5 in Fire Magic
  2164 | D:3      | Reached XP level 5. HP: 26/38 MP: 0/8
  2164 | D:3      | Reached XP level 6. HP: 30/45 MP: 0/9
  2238 | D:3      | Found a white marble altar of Elyvilon.
  2238 | D:3      | Found a hazy altar of Hepliaklqana.
  2297 | D:3      | Learned a level 4 spell: Sticky Flame
  2439 | D:3      | Noticed Ijyb
  2455 | D:3      | Killed Ijyb
  2661 | D:3      | Reached skill level 5 in Conjurations
  3205 | D:3      | Found a sparkling altar of Nemelex Xobeh.
  3418 | D:4      | Your scales start taking on a lurid green colour.
  3418 | D:4      | Reached XP level 7. HP: 50/50 MP: 6/10
  3418 | D:4      | Gained mutation: Your system is resistant to poisons. (rPois) [Green Draconian growth]
  3726 | D:4      | Noticed Blork the orc
  3736 | D:4      | Killed Blork the orc
  3847 | D:4      | Found a deep blue altar of Sif Muna.
  4070 | D:4      | Reached skill level 6 in Conjurations
  4304 | D:5      | Entered Level 5 of the Dungeon
  4366 | D:5      | Found a bloodstained altar of Trog.
  4494 | D:5      | Found a staircase to the Ecumenical Temple.
  4534 | D:5      | Found Foxtampurch's Assorted Antiques.
  4572 | Temple   | Entered the Ecumenical Temple
  4627 | Temple   | Became a worshipper of Vehumet
  4874 | D:6      | Reached XP level 8. HP: 45/57 MP: 4/11
  5376 | D:6      | Reached skill level 7 in Conjurations
  5622 | D:7      | Noticed a hippogriff
  5634 | D:7      | Killed a hippogriff
  5923 | D:7      | Found a snail-covered altar of Cheibriados.
  6096 | D:7      | Reached skill level 8 in Conjurations
  6170 | D:7      | Reached * piety under Vehumet
  6170 | D:7      | Offered knowledge of Freeze by Vehumet.
  6175 | D:7      | Reached XP level 9. HP: 46/62 MP: 8/13
  6661 | D:7      | Learned a level 5 spell: Fireball
  6781 | D:7      | Reached skill level 1 in Fighting
  7809 | D:8      | Reached ** piety under Vehumet
  7809 | D:8      | Offered knowledge of Shock by Vehumet.
  8257 | D:8      | Reached skill level 9 in Conjurations
  8291 | D:8      | Noticed a two-headed ogre
  8302 | D:8      | Killed a two-headed ogre
  8302 | D:8      | Reached XP level 10. HP: 52/78 MP: 10/17
  8404 | D:7      | Reached skill level 5 in Spellcasting
  8898 | D:8      | Offered knowledge of Static Discharge by Vehumet.
  9186 | D:9      | Reached *** piety under Vehumet
  9500 | D:9      | Noticed Erica
  9502 | D:9      | Noticed a tengu warrior
  9504 | D:9      | Noticed a gargoyle
  9522 | D:9      | Killed Erica
  9522 | D:9      | Reached skill level 5 in Fighting
  9522 | D:9      | Reached skill level 10 in Fire Magic
  9710 | D:8      | Killed a gargoyle
 10216 | D:9      | Killed a tengu warrior
 10216 | D:9      | Reached skill level 5 in Dodging
 10513 | D:9      | Reached skill level 10 in Conjurations
 10640 | D:9      | Offered knowledge of Dazzling Spray by Vehumet.
 10650 | D:9      | Reached XP level 11. HP: 69/89 MP: 1/18
 10804 | D:9      | Found a staircase to the Lair.
 10886 | D:9      | Found Diuwowni's Magic Scroll Shop.
 11181 | D:9      | Reached **** piety under Vehumet
 11191 | D:9      | Offered knowledge of Venom Bolt by Vehumet.
 11399 | D:10     | Entered Level 10 of the Dungeon
 11629 | D:10     | Found a white marble altar of Elyvilon.
 12507 | D:11     | Noticed a red ugly thing
 12622 | D:10     | Learned a level 5 spell: Venom Bolt
 12768 | D:11     | Noticed a two-headed ogre
 12781 | D:11     | Killed a two-headed ogre
 13140 | D:11     | Noticed Urug
 13150 | D:11     | Killed Urug
 13605 | D:9      | Bought a scroll of brand weapon for 280 gold pieces
 13605 | D:9      | Bought 2 scrolls of identify for 56 gold pieces
 13621 | D:9      | Learned a level 5 spell: Iskenderun's Battlesphere
 13639 | Lair:1   | Entered Level 1 of the Lair of Beasts
 13750 | D:10     | Killed a red ugly thing
 13868 | D:11     | Reached ***** piety under Vehumet
 13868 | D:11     | Offered knowledge of Poison Arrow by Vehumet.
 14107 | D:11     | Learned a level 6 spell: Poison Arrow
 14351 | D:12     | Noticed a red ugly thing
 14559 | D:12     | Reached skill level 1 in Poison Magic
 14805 | D:12     | Reached XP level 12. HP: 94/100 MP: 18/23
 14809 | D:12     | Learned a level 2 spell: Blink
 15108 | D:12     | Reached skill level 11 in Conjurations
 15244 | D:12     | Found a staircase to the Orcish Mines.
 15893 | Lair:1   | Noticed a four-headed hydra
 15896 | Lair:1   | Killed a four-headed hydra
 16483 | Lair:1   | Reached skill level 5 in Poison Magic
 16740 | Lair:1   | Noticed Nergalle
 16749 | Lair:1   | Killed Nergalle
 17005 | Lair:1   | Offered knowledge of Ozocubu's Refrigeration by Vehumet.
 17323 | Lair:1   | Reached skill level 12 in Conjurations
 18748 | Lair:2   | Reached XP level 13. HP: 88/105 MP: 4/26
 19138 | Lair:2   | Reached skill level 10 in Spellcasting
 20808 | Lair:2   | Reached skill level 13 in Conjurations
 21838 | Lair:3   | Found a staircase to the Swamp.
 22411 | Lair:4   | Found a frozen archway.
 22444 | Lair:4   | Learned a level 1 spell: Sting
 22464 | Lair:4   | Found a dark tunnel.
 22536 | Volcano  | Entered a volcano
 22897 | Volcano  | Slain by a salamander

Skill      XL: |  1  2  3  4  5  6  7  8  9 10 11 12 13 |
---------------+----------------------------------------+-----
Conjurations   | 2 3 4 5 6 8 9 10 12 13 | 13.8
Fire Magic     | 4 5 6 7 8 9 10 11 | 11.0
Spellcasting   | 3 4 5 7 9 11 | 11.5
Dodging        | 3 5 6 |  6.1
Fighting       | 3 6 7 |  7.0
Poison Magic   | 2 7 8 |  8.0
Stealth        | |  1.7

Action                   |  1- 3 |  4- 6 |  7- 9 | 10-12 | 13-15 || total
-------------------------+-------+-------+-------+-------+-------++-------
Melee: Short sword       |   105 |    74 |   299 |    52 |       ||   530
       Unarmed           |    11 |       |       |       |       ||    11
       Tailslap          |    10 |     4 |    30 |    22 |    10 ||    76
       Staff             |       |       |       |    58 |    26 ||    84
       Halberd           |       |       |       |    18 |     8 ||    26
       Morningstar       |       |       |       |    94 |     1 ||    95
       Eveningstar       |       |       |       |     3 |       ||     3
       Whip              |       |       |       |     7 |    43 ||    50
 Cast: Flame Tongue      |     9 |    33 |    44 |   446 |   175 ||   707
       Sticky Flame      |       |       |    17 |    94 |    41 ||   152
       Fireball          |       |       |     5 |    23 |     4 ||    32
       Conjure Flame     |       |       |       |    17 |    21 ||    38
       Venom Bolt        |       |       |       |     7 |       ||     7
       Iskenderun's Batt |       |       |       |     5 |     5 ||    10
       Poison Arrow      |       |       |       |     4 |    27 ||    31
       Sting             |       |       |       |       |     8 ||     8
 Abil: Breathe Noxious F |       |       |     9 |    13 |     2 ||    24
Evoke: Wand              |       |       |       |       |     1 ||     1
  Use: Scroll            |     4 |       |     6 |    11 |     3 ||    24
       Potion            |       |       |       |     1 |       ||     1
 Stab: Sleeping          |     5 |     2 |     5 |     2 |       ||    14
       Distracted        |       |     1 |       |       |       ||     1
       Confused          |       |       |     4 |       |       ||     4
  Eat: Chunk             |     4 |     3 |    32 |    62 |    23 ||   124
       Fruit             |       |       |     1 |       |       ||     1
Armor: Skin              |    44 |    33 |   121 |   166 |    38 ||   402
Dodge: Dodged            |    78 |    52 |   205 |   372 |   112 ||   819
